 Dungeon Crawl Stone Soup version 0.20-a0-870-g4070442 (console) character file.

3285 hittembot the Cleaver (level 9, -1/79 HPs)
             Began as a Minotaur Fighter on Mar 13, 2017.
             Slain by a warg (2 damage)
             ... on level 8 of the Dungeon.
             The game lasted 00:11:22 (7986 turns).

hittembot the Cleaver (Minotaur Fighter)            Turns: 7986, Time: 00:11:23

Health: -1/79      AC:  8    Str: 21    XL:     9   Next: 69%
Magic:  8/8        EV: 10    Int:  5    God:
Gold:   413        SH: 11    Dex: 13    Spells: 8/8 levels left

rFire    . . .     SeeInvis .   a - +0 war axe
rCold    . . .     Gourm    .   b - +0 scale mail
rNeg     . . .     Faith    .   c - +0 shield
rPois    .         Spirit   .   (helmet restricted)
rElec    .         Reflect  .   (no cloak)
rCorr    .         Harm     .   (no gloves)
MR       .....                  (no boots)
Stlth    ..........             (no amulet)
Regen    0.3/turn               (no ring)
MPRegen  0.2/turn               (no ring)

@: very slow
A: retaliatory headbutt, horns 2
a: no special abilities


You were on level 8 of the Dungeon.
You were hungry.

You visited 1 branch of the dungeon, and saw 8 of its levels.

You collected 413 gold pieces.

Inventory:

Hand Weapons
 a - a +0 war axe (weapon)
Armour
 b - a +0 scale mail (worn)
 c - a +0 shield (worn)
Jewellery
 j - a cursed ring of teleportation {unknown}
 q - an uncursed ring of wizardry {unknown}
 G - a +6 ring of intelligence {unknown}
 K - a cursed -3 ring of intelligence {unknown}
 L - an uncursed ring of stealth {unknown}
Wands
 y - a wand of flame (18/48)
 B - a wand of polymorph (7/24)
 J - a wand of acid (7/15)
Scrolls
 e - 6 scrolls of remove curse {unknown}
 h - a scroll of teleportation {unknown}
 i - 3 scrolls of magic mapping {unknown}
 k - a scroll of random uselessness {unknown}
 l - 6 scrolls of identify {unknown}
 m - a scroll of blinking {unknown}
 n - 2 scrolls of amnesia {unknown}
 o - 3 scrolls of enchant armour {unknown}
 p - 2 scrolls of enchant weapon {unknown}
 s - 2 scrolls of recharging {unknown}
 t - a scroll of fog {unknown}
 H - a scroll of fear {unknown}
Potions
 d - a potion of might
 g - a potion of invisibility {unknown}
 r - a potion of heal wounds {unknown}
 u - 2 potions of ambrosia {unknown}
 v - a potion of brilliance {unknown}
 w - a potion of mutation {unknown}
 x - a potion of cancellation {unknown}
 C - 2 potions of curing {unknown}
 E - a potion of flight {unknown}
Books
 A - a book of Misfortune

   Spells                             Type                      Level
   a - Confusing Touch                Hexes                        1
   b - Confuse                        Hexes                        3
   c - Gell's Gravitas                Translocation                3
   d - Petrify                        Transmutation/Earth          4
   e - Metabolic Englaciation         Hexes/Ice                    5
   f - Yara's Violent Unravelling     Hexes/Transmutation          5
 D - a book of Changes

   Spells                             Type                      Level
   a - Beastly Appendage              Transmutation                1
   b - Sticks to Snakes               Transmutation                2
   c - Spider Form                    Transmutation/Poison         3
   d - Ice Form                       Ice/Transmutation            4
   e - Blade Hands                    Transmutation                5
Comestibles
 f - 6 bread rations
 z - 4 fruits
 F - 3 royal jellies


   Skills:
 + Level 7.1 Fighting
 + Level 10.8 Axes
 + Level 8.7 Armour
 + Level 3.4 Dodging
 + Level 0.8 Stealth
 + Level 7.0 Shields


You had 8 spell levels left.
You didn't know any spells.

Dungeon Overview and Level Annotations

Branches:
Dungeon (8/15)             Temple (0/1) D:4
   Lair: D:8-11

Altars:
Ashenzari
Cheibriados
Fedhas
Nemelex Xobeh
Qazlal
Sif Muna
Wu Jian
The Shining One

Shops:
D:5 =   D:6 *


Innate Abilities, Weirdness & Mutations

You reflexively headbutt those who attack you in melee.
You have a pair of horns on your head.


Message History

No reachable target in view!
No reachable target in view!
You start resting.
A warg comes into view.
A warg is nearby!
The warg howls!
Your unstable footing causes you to fumble your attack.
The warg bites you!
* * * LOW HITPOINT WARNING * * *
You hit the warg.
The warg is lightly wounded.
You block the warg's attack.
Your unstable footing causes you to fumble your attack.
The warg bites you!
* * * LOW HITPOINT WARNING * * *
The warg barely misses you. You furiously retaliate!
You headbutt the warg, but do no damage.
Your unstable footing causes you to fumble your attack.
The warg bites you.
You die...

###################
.P................#
.............P....#
≈≈≈≈≈≈≈≈≈≈≈≈≈≈....#
≈≈≈≈≈≈≈@≈≈≈≈≈≈....#
≈≈≈≈≈≈h#####≈≈....#
....(..#oo.#≈≈....#
########...#≈≈P...#
#+###≈≈....#
.≈≈≈....######
.≈≈≈..P.#.....
.≈≈≈....#.####
.≈≈≈....#.####


You could see a warg.

Vanquished Creatures
  3 wargs (D:8)
  A black bear (D:5)
  A sky beast (D:5)
  2 ice beasts
  A phantom (D:4)
  3 centaurs
  2 ogres
  2 big kobolds
  3 bullfrogs
  A wyvern zombie (D:6)
  A water moccasin zombie (D:6)
  2 scorpions
  A wyvern skeleton (D:6)
  4 wights (D:7)
  A howler monkey (D:5)
  2 crimson imps
  A bullfrog zombie (D:5)
  4 hounds
  2 orc priests
  A jelly (D:8)
  A bullfrog skeleton (D:8)
  An iron imp (D:5)
  8 orc wizards
  2 iguanas
  8 worker ants
  2 hound skeletons
  Robin (D:3)
  9 gnolls
  13 adders
  2 shadow imps
  3 oozes
  2 adder zombies
  An adder skeleton (D:4)
  6 worms
  30 orcs
  11 bats
  6 giant cockroaches
  7 hobgoblins
  12 jackals
  5 quokkas
  2 ball pythons
  8 frilled lizards
  15 goblins
  14 kobolds
  2 leopard gecko skeletons
  8 rats
217 creatures vanquished.

Notes
Turn   | Place    | Note
-------+----------+-------------------------------------------
     0 | D:1      | hittembot the Minotaur Fighter began the quest for the Orb.
     0 | D:1      | Reached XP level 1. HP: 19/19 MP: 0/0
    75 | D:1      | Reached XP level 2. HP: 24/27 MP: 1/1
   377 | D:1      | Reached XP level 3. HP: 22/33 MP: 2/2
   489 | D:1      | Reached skill level 3 in Axes
  1202 | D:2      | Reached XP level 4. HP: 40/40 MP: 3/3
  1788 | D:3      | Reached skill level 4 in Axes
  1788 | D:3      | Reached XP level 5. HP: 38/46 MP: 4/4
  1909 | D:3      | Noticed Robin
  1913 | D:3      | Reached skill level 1 in Dodging
  1917 | D:3      | Killed Robin
  2019 | D:3      | Reached skill level 5 in Shields
  2042 | D:3      | HP: 2/47 [poisoned by an orc]
  2050 | D:3      | HP: 2/47 [poisoned by an orc]
  2639 | D:3      | Reached XP level 6. HP: 50/53 MP: 5/5
  2862 | D:4      | Reached skill level 5 in Axes
  2947 | D:4      | Found a shattered altar of Ashenzari.
  2959 | D:4      | Reached skill level 5 in Armour
  3359 | D:4      | Reached skill level 6 in Axes
  3359 | D:4      | Reached XP level 7. HP: 41/60 MP: 6/6
  3683 | D:4      | Reached skill level 5 in Fighting
  3972 | D:4      | Found a staircase to the Ecumenical Temple.
  4157 | D:5      | Entered Level 5 of the Dungeon
  4164 | D:5      | Reached skill level 7 in Axes
  4585 | D:5      | Reached XP level 8. HP: 65/68 MP: 7/7
  4970 | D:5      | Reached skill level 8 in Axes
  4992 | D:5      | Found a snail-covered altar of Cheibriados.
  5142 | D:5      | Found Moeroweme's Jewellery Boutique.
  5914 | D:6      | Reached skill level 9 in Axes
  6182 | D:6      | Found a deep blue altar of Sif Muna.
  6188 | D:6      | Reached XP level 9. HP: 75/75 MP: 8/8
  6279 | D:6      | Found an ornate altar of the Wu Jian Council.
  6279 | D:6      | Found a sparkling altar of Nemelex Xobeh.
  6279 | D:6      | Found a glowing golden altar of the Shining One.
  6370 | D:6      | Found Jyumyqadgh's Assorted Antiques.
  7065 | D:7      | Reached skill level 10 in Axes
  7209 | D:7      | Found a blossoming altar of Fedhas.
  7212 | D:7      | Found a stormy altar of Qazlal.
  7985 | D:8      | HP: 1/79 [warg (7)]
  7986 | D:8      | Slain by a warg

Vault maps used:
D:1:      doesnt_arrival_eight_statues, minmay_quantized
D:2:      kennysheep_boxes
D:3:      minmay_misc_feat_four_crosses, dk_noncrumbling_4, uniq_robin
D:4:      temple_doors_ab, ashenzari_altar_1
D:5:      slow_altar_2, first_bread, lightli_ossuary_entry_decrepit_ruins,
          serial_shops, kennysheep_mini
D:6:      minitemple, serial_shops, nicolae_shop_overgrown_old_shop
D:7:      grunt_temple_overflow_forces_of_nature
D:8:      lemuel_castle_with_subvaults, minmay_lair_entry_grove, uniq_erica

Skill      XL: |  1  2  3  4  5  6  7  8  9 |
---------------+----------------------------+-----
Shields        | 4 5 6 7 |  7.0
Axes           | 3 4 6 7 9 10 | 10.8
Armour         | 4 5 6 8 |  8.7
Fighting       | 4 5 7 |  7.1
Dodging        | 1 2 3 |  3.4
Stealth        | |  0.8

Action                   |  1- 3 |  4- 6 |  7- 9 || total
-------------------------+-------+-------+-------++-------
Melee: War axe           |    95 |   158 |   319 ||   572
       Headbutt          |    13 |    21 |    77 ||   111
  Eat: Chunk             |     1 |     7 |    10 ||    18
       Bread ration      |       |       |     1 ||     1
Armor: Scale mail        |    40 |    73 |    78 ||   191
Dodge: Dodged            |    22 |    60 |   108 ||   190
Block: Shield            |    60 |    99 |   154 ||   313
